 Dungeon Crawl Stone Soup version 0.29.1-13-g9f3cf754e1 (webtiles) character file.

Game seed: 9623683019743775344

9 Ast3rio the Trooper (level 2, 0/27 HPs)
             Began as a Minotaur Fighter on Feb 8, 2023.
             Succumbed to a scorpion's poison
             ... on level 2 of the Dungeon.
             The game lasted 00:04:29 (825 turns).

Ast3rio the Trooper (Minotaur Fighter)               Turns: 825, Time: 00:04:29

Health: 0/27       AC:  7    Str: 20    XL:     2   Next: 6%
Magic:  10/10      EV:  9    Int:  5    God:
Gold:   55         SH:  4    Dex:  9    Spells: 1/1 levels left

rFire   . . .      SeeInvis .   a - +0 long sword
rCold   . . .      Faith    .   c - +0 buckler
rNeg    . . .      Spirit   .   b - +0 scale mail
rPois   .          Reflect  .   (helmet restricted)
rElec   .          Harm     .   (no cloak)
rCorr   .          Rampage  .   (no gloves)
Will    .....                   (no boots)
Stlth   ..........              (no amulet)
HPRegen 0.09/turn               h - ring of magical power
MPRegen 0.12/turn               (no ring)

@: lethally poisoned (0 -> -9)
A: horns 2, retaliatory headbutt
a: no special abilities


You were on level 2 of the Dungeon.
You visited 1 branch of the dungeon, and saw 2 of its levels.

You collected 55 gold pieces.

Inventory:

Hand Weapons
 a - a +0 long sword (weapon)
Armour
 b - a +0 scale mail (worn)
 c - a +0 buckler (worn)
Jewellery
 h - a ring of magical power (left hand)
Scrolls
 e - a scroll of noise {unknown}
Potions
 d - 2 potions of might
 f - a potion of attraction {unknown}
 g - a potion of brilliance {unknown}


   Skills:
 + Level 3.9 Fighting
 + Level 2.7 Long Blades
 + Level 3.8 Armour
 + Level 3.7 Shields


You had one spell level left.
You didn't know any spells.
Your spell library was empty.

Dungeon Overview and Level Annotations

Branches:
Dungeon (2/15)

Altars:

Shops:
D:1 :(


Innate Abilities, Weirdness & Mutations

You have a pair of horns on your head.
You reflexively headbutt those who attack you in melee.


Message History

The kobold hits you with a +0 dagger.
You have reached level 2!
The kobold hits you but does no damage.
You miss the kobold. The kobold hits you but does no damage.
The kobold closely misses you.
You closely miss the kobold. You headbutt the kobold.
You kill the kobold!
You see here a +0 dagger.
A scorpion comes into view.
You hit the scorpion.
You headbutt the scorpion, but do no damage.
The scorpion is moderately wounded.
The scorpion stings you.
You closely miss the scorpion.
The scorpion is moderately wounded.
The scorpion closely misses you. You block the scorpion's attack.
You hit the scorpion.
The scorpion is heavily wounded.
The scorpion stings you.
You are poisoned.
The scorpion poisons you! You block the scorpion's attack.
You barely miss the scorpion.
The scorpion is heavily wounded.
You feel very sick. The scorpion stings you.
You are lethally poisoned!
The scorpion poisons you!
You barely miss the scorpion.
The scorpion is heavily wounded.
You feel very sick. The scorpion stings you. You block the scorpion's attack.
You barely miss the scorpion.
The scorpion is heavily wounded.
* * * LOW HITPOINT WARNING * * *
You feel very sick. The scorpion stings you.
* * * LOW HITPOINT WARNING * * *
You hit the scorpion.
The scorpion is severely wounded.
You die...

#.# #.# #.# #
#.# #.
#.########
####..#.........
.........######
####..##.# #..
#@# #. #s# #.
#.# # #.# ...
#.# ... #.#


You could see a scorpion.

Vanquished Creatures
  A bat (D:1)
  An endoplasm (D:1)
  2 hobgoblins (D:2)
  3 kobolds
  A frilled lizard (D:2)
8 creatures vanquished.

Notes
Turn   | Place    | Note
-------+----------+-------------------------------------------
     0 | D:1      | Ast3rio the Minotaur Fighter began the quest for the Orb.
     0 | D:1      | Reached XP level 1. HP: 19/19 MP: 0/0
   175 | D:1      | Found Boah's Book Shop.
   212 | D:1      | Found Oluo's Weapon Emporium.
   773 | D:2      | Reached XP level 2. HP: 20/27 MP: 1/1
   815 | D:2      | Noticed a scorpion
   825 | D:2      | Succumbed to a scorpion's poison

Illustrated notes

Levels and vault maps discovered:
D:1:      dpeg_arrival_solitude, layout_basic,
          hellmonk_ecumenical_altar_watching_god, serial_shops, shop,
          nicolae_shop_bloodbath_and_beyond, nicolae_shop_statue_plus, shop,
          nicolae_shop_hallway_stairs
D:2:      layout_basic

Action                   || total
-------------------------++-------
Melee: Long sword        ||    38
       Headbutt          ||     3
Armor: Scale mail        ||    16
Dodge: Dodged            ||    17
Block: Buckler           ||    10
